 Dungeon Crawl Stone Soup version 0.31-a0-986-g5e6e4ef867 (webtiles) character file.

Game seed: 13160229628527976633

71 lunkers the Ruffian (level 4, -5/52 HPs)
             Began as a Meteoran Shapeshifter on Nov 8, 2023.
             Killed by divine providence
             ... invoked by an orc priest
              (13 damage)
             ... on level 4 of the Dungeon.
             The game lasted 00:02:20 (1080 turns).

lunkers the Ruffian (Meteoran Shapeshifter)         Turns: 1080, Time: 00:02:20

Health: -5/52      AC: 22    Str: 16    XL:     4   Next: 75%
Magic:  5/5        EV:  2    Int: 11    God:
Gold:   127        SH:  0    Dex: 15    Spells: 3/3 levels left

rFire   . .          .
                       - Unarmed
rCold   . . .        (no shield)
rNeg    . . .        p - melded +0 ring mail
rPois   +            (helmet currently unavailable)
rElec   .            (cloak currently unavailable)
rCorr   +            (gloves currently unavailable)
SInv    .            (boots currently unavailable)
Will    .....        (no amulet)
Stlth   +            f - ring of resist corrosion
HPRegen 0.28/turn    (no ring)
MPRegen 0.09/turn

%: no passive effects
@: tree-form, glowing
A: stationary, stasis, torment immunity, boosted hp, sense surroundings 1,
otherworldly, glowing, explore regen
a: no special abilities


You were on level 4 of the Dungeon.
You were a tree.
You visited 1 branch of the dungeon, and saw 4 of its levels.

You collected 127 gold pieces.

Inventory:

Armour
 a - a +0 animal skin
 p - a +0 ring mail (melded)
Jewellery
 f - a ring of resist corrosion (left branch)
Talismans
 c - a beast talisman
 d - a flux talisman
Wands
 m - a wand of iceblast (9)
Scrolls
 g - a scroll of noise {unknown}
 h - 4 scrolls of identify {unknown}
 i - a scroll of poison {unknown}
 k - a scroll of summoning {unknown}
 n - a scroll of fear {unknown}
Potions
 e - a potion of attraction {unknown}
 j - 2 potions of curing {unknown}
 l - 2 potions of heal wounds {unknown}
 o - a potion of might {unknown}


   Skills:
 - Level 1.1 Fighting
 - Level 2.1 Dodging
 * Level 5.3 Unarmed Combat
 + Level 4.4 Shapeshifting


You had 3 spell levels left.
You didn't know any spells.
Your spell library contained the following spells:

 Spells                   Type           Power      Damage    Failure   Level
 Passwall                 Tmut/Erth      0%         N/A       47%         2
 Wereblood                Tmut           0%         N/A       47%         2
 Summon Forest            Summ/Tloc      0%         N/A       100%        5
 Yara's Violent Unravell  Hex/Tmut       0%         3d3       100%        5


Dungeon Overview and Level Annotations

Branches:
Dungeon (4/15) Zot: 1328
 Temple: D:4-7

Altars:

Shops:
D:3 =


Innate Abilities, Weirdness & Mutations

You are a tree.
Your roots penetrate the ground, keeping you stationary.
You cannot be teleported.
You are immune to unholy pain and torment.
Your maximum health is greatly increased.
Your equipment is partially melded.
You passively map a small area around you.
You are easily found by Zot.
You glow in the dark.
You regain HP and MP as you explore.


Message History

An orc comes into view. It is wielding a +0 hand axe.
An ogre comes into view. It is wielding a +0 giant spiked club.
You barely miss the orc priest.
The orc shouts!
The ogre shouts!
The orc priest hits you with a +0 short sword.
The orc priest mumbles some strange prayers to Beogh against you.
Beogh smites you!
The orc priest casts a cantrip, but nothing happens.
You closely miss the orc. The orc barely misses you.
You barely miss the orc. The orc barely misses you.
Unknown command.
You hit the orc.
The orc is heavily wounded.
The orc closely misses you.
Unknown command.
You hit the orc.
You kill the orc!
Unknown command.
You miss the goblin. The goblin hits you with a +0 dagger.
Unknown command.
You punch the goblin!
You kill the goblin!
Unknown command.
Your transformation has ended.
You turn into a tree.
Your +0 ring mail melds into your body.
Your roots penetrate the ground.
The ogre hits you with a +0 giant spiked club!
* * * LOW HITPOINT WARNING * * *
You smack the ogre!
The ogre is moderately wounded.
The orc priest invokes the aid of Beogh against you.
Beogh smites you!
* * * LOW HITPOINT WARNING * * *
The ogre hits you with a +0 giant spiked club!
* * * LOW HITPOINT WARNING * * *
You hit the ogre. Your punch misses the ogre.
The ogre is heavily wounded.
The orc priest invokes the aid of Beogh against you.
Beogh smites you!
You die...

#..o....## *,, *
, #w....# ,
##g###$#,,, *
#...#,, , , ,
#...#* ,, ,
###.###* * ,,
#.....# *
###w### ,
#♣Oo..# ,
###)###.....#
,#.....#.....##
* ###.###......#
,
,#.....#......#
, ###.###.......
#....#.....#
#.^..##.#.....##
##### ##.<.....#


You could see an ogre, a worm and an orc priest.

Vanquished Creatures
  A gnoll (D:1)
  An adder (D:3)
  2 dart slugs
  5 orcs
  3 bats
  5 endoplasms
  3 giant cockroaches (D:1)
  7 goblins
  A hobgoblin (D:3)
  2 jackals (D:1)
  2 ball pythons
  A frilled lizard (D:1)
  4 kobolds
  3 rats (D:3)
40 creatures vanquished.

Notes
Turn   | Place    | Note
-------+----------+-------------------------------------------
     0 | D:1      | lunkers the Meteoran Shapeshifter began the quest for the
                  | Orb.
     0 | D:1      | Reached XP level 1. HP: 16/16 MP: 2/2
    82 | D:1      | Reached XP level 2. HP: 23/23 MP: 3/3
    99 | D:1      | Found a faded altar of an unknown god.
   106 | D:1      | Reached skill level 4 in Unarmed Combat
   292 | D:1      | HP: 1/23 [gnoll/+0 whip (7)]
   295 | D:1      | Reached XP level 3. HP: 2/28 MP: 4/4
   673 | D:3      | Identified the "Laoguraph"
   686 | D:3      | Found Irhulas's Jewellery Boutique.
   747 | D:3      | Reached XP level 4. HP: 35/35 MP: 5/5
   753 | D:3      | Reached skill level 5 in Unarmed Combat
  1039 | D:4      | Identified the "Weoce Cosomu"
  1061 | D:4      | Noticed an ogre
  1080 | D:4      | Killed from afar by an orc priest

Illustrated notes

Levels and vault maps discovered:
D:1:      wander_arrival_estate, layout_basic, serial_shops, shop,
          ebering_ecumenical_altar_abandoned
D:2:      layout_loops_ring, uniq_terence
D:3:      layout_loops_ring, serial_shops, nicolae_shop_rolling_square,
          serial_park_tiny_2
D:4:      layout_cave_pools, minitemple, corexii_leaking_fountain,
          minmay_misc_feat_hallway, minmay_hollow_rounded_squares,
          uniq_crazy_yiuf_cottage, uniq_robin

Skill      XL: |  1  2  3  4 |
---------------+-------------+-----
Unarmed Combat | 4 5 |  5.3
Shapeshifting  | 4 |  4.4
Fighting       | |  1.1
Dodging        | |  2.1

Action                     |  1- 3 |  4- 6 || total
---------------------------+-------+-------++-------
  Melee: Unarmed           |    50 |    40 ||    90
         Punch             |     2 |     2 ||     4
    Use: Potion            |       |     1 ||     1
 Armour: Animal skin       |    22 |    10 ||    32
         Ring mail         |       |     4 ||     4
         Skin              |       |     2 ||     2
  Dodge: Dodged            |    15 |    14 ||    29

Table legend: (Time is in decaauts)
 A = Elapsed time spent in this place.
 B = Non-inter-level travel time spent in this place.
 C = Inter-level travel time spent in this place.
 D = Time resting spent in this place.
 E = Time spent auto-exploring this place.
 F = Levels seen in this place.
 G = Mean time per level.
                   A        B        C        D        E       F      G
               +--------+--------+--------+--------+--------+-----+--------+
         Total |   1070 |   1011 |     59 |      0 |    724 |   4 |  267.5 |
       Dungeon |   1070 |   1011 |     59 |      0 |    724 |   4 |  267.5 |
               +--------+--------+--------+--------+--------+-----+--------+

Top non-repeatable levels by time:
     D:1: 419 daAuts
     D:3: 363 daAuts
     D:2: 248 daAuts
     D:4: 39 daAuts
